 Dungeon Crawl Stone Soup version 0.31-a0-358-gac0dbeb3ab (webtiles) character file.

Game seed: 3425373662428857887

534 cforsyth the Charlatan (level 7, -1/49 (52) HPs)
             Began as a Gnoll Artificer on July 25, 2023.
             Slain by a wight
             ... wielding a +4 scimitar
              (6 damage)
             ... on level 4 of the Dungeon.
             The game lasted 00:05:27 (2937 turns).

cforsyth the Charlatan (Gnoll Artificer)            Turns: 2937, Time: 00:05:28

HP:   -1/49 (52)    AC: 12    Str: 11    XL:     7   Next: 25%
MP:   10/10         EV:  3    Int: 12    God:
Gold: 170           SH:  0    Dex: 13    Spells: 10/10 levels left

rFire   . . .        h - +2 short sword (freeze)
rCold   . . .        (no shield)
rNeg    . . .        w - +0 plate armour
rPois   .            (no helmet)
rElec   .            (no cloak)
rCorr   .            (no gloves)
SInv    .            (no boots)
Will    .....        (no amulet) Stlth
                     (no ring)
HPRegen 0.28/turn    (no ring)
MPRegen 0.12/turn

%: no passive effects
@: about to teleport, drained
A: fangs 1, strong nose, distributed training
a: no special abilities


You were on level 4 of the Dungeon.
You visited 1 branch of the dungeon, and saw 4 of its levels.
You also visited: Ossuary.

You collected 170 gold pieces.

Inventory:

Hand Weapons
 a - a +0 club
 h - a +2 short sword of freezing (weapon)
Armour
 b - a +0 leather armour
 m - a +0 chain mail
 n - a +0 tower shield
 w - a +0 plate armour (worn)
Jewellery
 t - an amulet of regeneration
Wands
 c - a wand of flame (6) (quivered)
 d - a wand of charming (15)
 e - a wand of iceblast (5)
 D - a wand of mindburst (17)
Scrolls
 f - a scroll of enchant weapon
 g - 2 scrolls of fear {unknown}
 k - a scroll of silence {unknown}
 o - a scroll of enchant armour {unknown}
 p - 2 scrolls of teleportation
 s - 2 scrolls of vulnerability {unknown}
 v - 4 scrolls of noise {unknown}
 y - a scroll of butterflies {unknown}
 B - a scroll of identify
 E - a scroll of poison {unknown}
Potions
 i - 3 potions of berserk rage
 j - a potion of might
 l - 4 potions of curing
 q - 6 potions of attraction
 r - a potion of ambrosia
 u - 2 potions of enlightenment {unknown}
 x - a potion of magic {unknown}
 z - a potion of haste {unknown}
 A - a potion of brilliance {unknown}
 C - a potion of mutation {unknown}


   Skills:
 + Level 3.5 Fighting
 + Level 2.4 Short Blades
 + Level 2.4 Long Blades
 + Level 2.4 Axes
 + Level 2.4 Maces & Flails
 + Level 2.4 Polearms
 + Level 2.4 Staves
 + Level 2.4 Ranged Weapons
 + Level 2.4 Throwing
 + Level 5.2 Armour
 + Level 3.5 Dodging
 + Level 3.4 Stealth
 + Level 2.4 Shields
 + Level 2.4 Unarmed Combat
 + Level 2.4 Spellcasting
 + Level 2.0 Conjurations
 + Level 2.0 Hexes
 + Level 2.0 Summonings
 + Level 2.0 Necromancy
 + Level 2.0 Translocations
 + Level 2.0 Transmutations
 + Level 2.0 Fire Magic
 + Level 2.0 Ice Magic
 + Level 2.0 Air Magic
 + Level 2.0 Earth Magic
 + Level 2.0 Poison Magic
 + Level 2.6 Invocations
 + Level 7.0 Evocations
 + Level 2.0 Shapeshifting


You had 10 spell levels left.
You didn't know any spells.
Your spell library contained the following spells:

 Spells                   Type           Power      Damage    Failure   Level
 Lesser Beckoning         Tloc           12%        N/A       100%        2
 Gell's Gravitas          Tloc           6%         N/A       100%        3
 Inner Flame              Hex/Fire       6%         N/A       100%        3
 Teleport Other           Tloc           6%         N/A       100%        3
 Flame Wave               Conj/Fire      6%         2d5       100%        4
 Sticky Flame             Conj/Fire      6%         2d3       100%        4


Dungeon Overview and Level Annotations

Branches:
Dungeon (4/15)            Ossuary (visited)
 Temple: D:4-7

Altars:

Shops:
D:1 ?(=   D:2 ?[[?*


Innate Abilities, Weirdness & Mutations

You have very sharp teeth.
Your uncanny sense of smell can sniff out nearby items.
Your experience applies equally to all skills.


Message History

No target in view!
No target in view!
No target in view!
Found 4 stones.
i - 3 potions of berserk rage (gained 1)
You see here a giant cockroach corpse.
E - a scroll labelled YNTOULIGUM A wight comes into view.
It is wielding a +0 halberd.
The wight moves out of view.
A wight comes into view.
It is wielding a +2 battleaxe of freezing. 3 wights come into view.
The wight attacks as you move away! The wight hits you with a +4 scimitar!
The wight attacks as you move away! The wight hits you with a +4 scimitar!
You feel drained.
You hit the wight.
The wight is lightly damaged.
Unknown command.
The puff of flame hits the wight.
The wight is moderately damaged.
The wight hits you but does no damage. The wight barely misses you.
Unknown command.
The puff of flame hits the wight.
The wight is heavily damaged.
The wight hits you with a +4 scimitar!
The wight hits you from afar with a +0 halberd!
* * * LOW HITPOINT WARNING * * *
You are too injured to fight recklessly!
Unknown command.
Okay, then.
As you read the scroll of teleportation, it crumbles to dust.
You feel strangely unstable. The wight hits you with a +4 scimitar.
* * * LOW HITPOINT WARNING * * *
You feel drained.
* * * LOW HITPOINT WARNING * * *
The wight hits you but does no damage. The wight attacks as you move away!
The wight completely misses you. The wight attacks as you move away!
The wight hits you with a +4 scimitar.
* * * LOW HITPOINT WARNING * * *
The wight attacks as you move away! The wight hits you with a +4 scimitar.
You die...

###### ####....####
#..........# .
##.........# ..
#........## ...
##.......## ....
#......zz### .....
##.....@#...###......
##..##...####z.z......
##.######## ###z......
###.## ....... ##..##
....... ##..## .......
# ##..## ..z....
.##..## #######
#.z.... ....##
##.....### ......


You could see 2 wights.

Vanquished Creatures
  A wraith (Ossuary)
  A scorpion (Ossuary)
  3 centaur zombies (Ossuary)
  A bullfrog zombie (Ossuary)
  An iguana (D:4)
  2 scorpion zombies (Ossuary)
  5 adders
  6 adder zombies (Ossuary)
  An orc (D:4)
  3 bats
  3 endoplasms
  5 giant cockroaches
  A gnoll zombie (Ossuary)
  3 goblins
  4 hobgoblins
  6 quokkas
  2 ball pythons (D:3)
  5 frilled lizards
  6 goblin zombies (Ossuary)
  A hobgoblin zombie (Ossuary)
  7 kobolds
  3 orc zombies (Ossuary)
  4 rats
74 creatures vanquished.

Notes
Turn   | Place    | Note
-------+----------+-------------------------------------------
     0 | D:1      | cforsyth the Gnoll Artificer began the quest for the Orb.
     0 | D:1      | Reached XP level 1. HP: 17/17 MP: 1/1
    47 | D:1      | Found Atzor's Magic Scroll Shoppe.
   212 | D:1      | Found Joholase's Weapon Shoppe.
   227 | D:1      | Found a faded altar of an unknown god.
   276 | D:1      | Reached XP level 2. HP: 12/23 MP: 2/2
   462 | D:1      | Found Fuakk's Jewellery Emporium.
   845 | D:2      | Found Koasyt's Magic Scroll Boutique.
   868 | D:2      | Found Xid Piowot's Antique Armour Boutique.
   876 | D:2      | Reached XP level 3. HP: 28/28 MP: 3/3
   876 | D:2      | Found Hiaxeirest's Armour Boutique.
   955 | D:2      | Found Unelemin's Magic Scroll Emporium.
   964 | D:2      | Reached skill level 1 in Invocations
  1007 | D:2      | Reached skill level 1 in Short Blades
  1007 | D:2      | Reached skill level 1 in Long Blades
  1007 | D:2      | Reached skill level 1 in Axes
  1007 | D:2      | Reached skill level 1 in Maces & Flails
  1007 | D:2      | Reached skill level 1 in Polearms
  1007 | D:2      | Reached skill level 1 in Staves
  1007 | D:2      | Reached skill level 1 in Ranged Weapons
  1007 | D:2      | Reached skill level 1 in Throwing
  1007 | D:2      | Reached skill level 1 in Shields
  1007 | D:2      | Reached skill level 1 in Unarmed Combat
  1007 | D:2      | Reached skill level 1 in Spellcasting
  1204 | D:2      | Found Kiappaff's Assorted Antiques.
  1448 | D:3      | Reached XP level 4. HP: 34/34 MP: 5/5
  1772 | D:3      | Reached skill level 1 in Conjurations
  1772 | D:3      | Reached skill level 1 in Hexes
  1772 | D:3      | Reached skill level 1 in Summonings
  1772 | D:3      | Reached skill level 1 in Necromancy
  1772 | D:3      | Reached skill level 1 in Translocations
  1772 | D:3      | Reached skill level 1 in Transmutations
  1772 | D:3      | Reached skill level 1 in Fire Magic
  1772 | D:3      | Reached skill level 1 in Ice Magic
  1772 | D:3      | Reached skill level 1 in Air Magic
  1772 | D:3      | Reached skill level 1 in Earth Magic
  1772 | D:3      | Reached skill level 1 in Poison Magic
  1772 | D:3      | Reached skill level 1 in Shapeshifting
  2185 | D:4      | Found a sand-covered staircase.
  2194 | Ossuary  | Entered an ossuary
  2290 | Ossuary  | Reached XP level 5. HP: 36/40 MP: 6/6
  2437 | Ossuary  | Reached XP level 6. HP: 34/47 MP: 8/8
  2516 | Ossuary  | Reached skill level 5 in Armour
  2627 | Ossuary  | Noticed a wraith
  2634 | Ossuary  | Killed a wraith
  2635 | Ossuary  | Reached skill level 7 in Evocations
  2635 | Ossuary  | Reached XP level 7. HP: 39/52 MP: 10/10
  2636 | Ossuary  | Noticed a silent spectre
  2937 | D:4      | Slain by a wight

Illustrated notes

Levels and vault maps discovered:
D:1:      lightli_arrival_chessboard, layout_basic, serial_shops, shop,
          nicolae_shop_tiny_real_fake_doors, nicolae_diamond_shop,
          ebering_ecumenical_altar_box, minmay_pentomino_z4
D:2:      layout_loops_ring, serial_shops, nicolae_shop_stone, shop, shop,
          nicolae_shop_competitors_out_of_business, nicolae_shop_rolling_square
D:3:      layout_loops_ring
D:4:      layout_cave_pods, nicolae_ossuary_entry_ruins, uniq_robin,
          uniq_blork_the_orc

Skill      XL: |  1  2  3  4  5  6  7 |
---------------+----------------------+-----
Invocations    | 1 2 |  2.6
Short Blades   | 1 2 |  2.4
Long Blades    | 1 2 |  2.4
Axes           | 1 2 |  2.4
Maces & Flails | 1 2 |  2.4
Polearms       | 1 2 |  2.4
Staves         | 1 2 |  2.4
Ranged Weapons | 1 2 |  2.4
Throwing       | 1 2 |  2.4
Shields        | 1 2 |  2.4
Unarmed Combat | 1 2 |  2.4
Spellcasting   | 1 2 |  2.4
Conjurations   | 1 2 |  2.0
Hexes          | 1 2 |  2.0
Summonings     | 1 2 |  2.0
Necromancy     | 1 2 |  2.0
Translocations | 1 2 |  2.0
Transmutations | 1 2 |  2.0
Fire Magic     | 1 2 |  2.0
Ice Magic      | 1 2 |  2.0
Air Magic      | 1 2 |  2.0
Earth Magic    | 1 2 |  2.0
Poison Magic   | 1 2 |  2.0
Shapeshifting  | 1 2 |  2.0
Fighting       | 3 |  3.5
Dodging        | 3 |  3.5
Stealth        | 3 |  3.4
Armour         | 5 |  5.2
Evocations     | 7 |  7.0

Action                     |  1- 3 |  4- 6 |  7- 9 || total
---------------------------+-------+-------+-------++-------
  Melee: Club              |    49 |       |       ||    49
         Bite              |    10 |    33 |     2 ||    45
         Punch             |     2 |     2 |     1 ||     5
         Short sword       |    79 |   211 |    24 ||   314
  Evoke: Wand              |       |     7 |     2 ||     9
    Use: Scroll            |       |     7 |     1 ||     8
 Armour: Leather armour    |    25 |       |       ||    25
         Chain mail        |    42 |    21 |       ||    63
         Plate armour      |       |   200 |    14 ||   214
  Dodge: Dodged            |    71 |    52 |     5 ||   128

Table legend: (Time is in decaauts)
 A = Elapsed time spent in this place.
 B = Non-inter-level travel time spent in this place.
 C = Inter-level travel time spent in this place.
 D = Time resting spent in this place.
 E = Time spent auto-exploring this place.
 F = Levels seen in this place.
 G = Mean time per level.
                   A        B        C        D        E       F      G
               +--------+--------+--------+--------+--------+-----+--------+
         Total |   2932 |   2835 |     97 |      0 |   2098 |   5 |  586.4 |
       Dungeon |   2456 |   2359 |     97 |      0 |   1866 |   4 |  614.0 |
       Ossuary |    475 |    475 |      0 |      0 |    232 |   1 |  475.0 |
               +--------+--------+--------+--------+--------+-----+--------+

Top non-repeatable levels by time:
     D:1: 795 daAuts
     D:3: 744 daAuts
     D:2: 640 daAuts
 Ossuary: 475 daAuts
     D:4: 275 daAuts
